 Dungeon Crawl Stone Soup version 0.31-a0-728-g01b46875f1 (webtiles) character file.

Game seed: 8780366950566143773

214 LeprechaunX the Changeling (level 5, -2/52 HPs)
             Began as an Octopode Shapeshifter on Sept 11, 2023.
             Slain by Grinder (6 damage)
             ... on level 3 of the Dungeon.
             The game lasted 00:01:51 (2174 turns).

LeprechaunX the Changeling (Octopode Shapeshifter)  Turns: 2174, Time: 00:01:52

Health: -2/52      AC: 22    Str: 16    XL:     5   Next: 92%
Magic:  5/5        EV:  2    Int: 12    God:
Gold:   115        SH:  0    Dex: 11    Spells: 4/4 levels left

rFire   . .          .
                       - Unarmed
rCold   . . .        (no shield)
rNeg    . . .        (helmet currently unavailable)
rPois   +            (no amulet)
rElec   .            (no ring)
rCorr   .            (no ring)
SInv    .            (no ring)
Will    .....        (no ring)
Stlth   +            (no ring)
HPRegen 0.28/turn    (no ring)
MPRegen 0.09/turn    (no ring)
                     (no ring)

%: no passive effects
@: tree-form
A: stationary, stasis, torment immunity, boosted hp, almost no armour,
(amphibious), 8 rings, (camouflage 1), (gelatinous body 1), (nimble swimmer 1),
(tentacles)
a: no special abilities


You were on level 3 of the Dungeon.
You were a tree.
You visited 1 branch of the dungeon, and saw 3 of its levels.

You collected 115 gold pieces.

Inventory:

Jewellery
 h - a ring of fire
 l - a ring of wizardry
Talismans
 b - a beast talisman
 c - a flux talisman
Scrolls
 d - a scroll of identify {unknown}
 f - 3 scrolls of amnesia {unknown}
 g - a scroll of enchant armour {unknown}
 i - a scroll of noise {unknown}
 m - a scroll of fog {unknown}
 n - 3 scrolls of teleportation {unknown}
 o - a scroll of immolation {unknown}
Potions
 e - 4 potions of attraction {unknown}
 j - a potion of invisibility {unknown}
 k - a potion of might {unknown}
 p - a potion of haste {unknown}
 q - a potion of heal wounds {unknown}
 r - a potion of magic {unknown}
 s - a potion of enlightenment {unknown}


   Skills:
 + Level 2.6 Fighting
 + Level 3.1 Dodging
 + Level 3.8 Unarmed Combat
 * Level 4.4 Shapeshifting


You had 4 spell levels left.
You didn't know any spells.
Your spell library was empty.

Dungeon Overview and Level Annotations

Branches:
Dungeon (3/15)

Altars:
Wu Jian

Annotations:
D:3 Grinder


Innate Abilities, Weirdness & Mutations

You are a tree.
Your roots penetrate the ground, keeping you stationary.
You cannot be teleported.
You are immune to unholy pain and torment.
Your maximum health is greatly increased.
You cannot wear most types of armour.
((You are amphibious.))
You can wear up to eight rings at the same time.
((Your skin changes colour to match your surroundings (Stealth+).))
((Your rubbery body absorbs attacks. (AC +1, EV +1)))
((You are camouflaged when in or above water. (Stealth+)))
((You have tentacles for arms and can constrict up to eight enemies at once.))


Message History

Grinder gestures at you.
You suddenly lose the ability to move!
Grinder gestures at you. Pain shoots through your body! Grinder hits you!
Grinder hits you.
You writhe in agony.
* * * LOW HITPOINT WARNING * * *
You can move again.
You tentacle-slap Grinder. You grab Grinder.
Grinder is lightly wounded.
You constrict Grinder. Grinder completely misses you.
Unknown command.
Your transformation has ended.
You turn into a tree.
Your roots penetrate the ground.
You lose your grip on Grinder.
Grinder hits you but does no damage.
You smack Grinder!
Grinder is moderately wounded.
Grinder hits you but does no damage.
You hit Grinder but do no damage.
Grinder is moderately wounded.
Grinder hits you but does no damage.
You hit Grinder but do no damage.
Grinder is moderately wounded.
Grinder hits you but does no damage.
You barely miss Grinder. You punch Grinder, but do no damage.
Grinder is moderately wounded.
Grinder hits you but does no damage.
You hit Grinder but do no damage. Your punch misses Grinder.
Grinder is moderately wounded.
Grinder hits you.
* * * LOW HITPOINT WARNING * * *
You writhe in agony.
* * * LOW HITPOINT WARNING * * *
You closely miss Grinder.
Grinder is moderately wounded.
Grinder hits you.
* * * LOW HITPOINT WARNING * * *
You writhe in agony.
You die...
Grinder says, "Now the real fun starts!"

#.##..#8.'..#......##
#.##..#8.#..#8#.....#
#.##..####.####.†..##
#.....#.......#.#.##
#.............#.#.#
#.##..######..#.#.# #.##..#..
#.#..#+## #.##..##5###.#.†...##
#.##..#..♣...#......##
#.##..#.....#........## #
####.....#######.........####
...........###....+.........+...
.#.##..####.#..####.........####
##.#.........###.......##...
#....######.##.......###.##
#...###..##.##.##...## #...
#..###.........###'## #..#


You could see Grinder.

Vanquished Creatures
  Sigmund (D:3)
  An adder (D:2)
  A worm (D:2)
  A dart slug (D:2)
  An orc (D:3)
  An endoplasm (D:1)
  6 giant cockroaches
  3 goblins
  4 hobgoblins
  3 jackals (D:1)
  9 kobolds
  A quokka (D:2)
  5 ball pythons
  6 bats
  3 frilled lizards (D:1)
  2 rats
48 creatures vanquished.

Notes
Turn   | Place    | Note
-------+----------+-------------------------------------------
     0 | D:1      | LeprechaunX the Octopode Shapeshifter began the quest for
                  | the Orb.
     0 | D:1      | Reached XP level 1. HP: 13/13 MP: 1/1
   173 | D:1      | Reached XP level 2. HP: 18/18 MP: 2/2
   738 | D:1      | Reached XP level 3. HP: 23/23 MP: 3/3
  1705 | D:3      | Noticed Sigmund
  1717 | D:3      | Killed Sigmund
  1718 | D:3      | Reached skill level 4 in Shapeshifting
  1718 | D:3      | Reached XP level 4. HP: 30/30 MP: 4/4
  1718 | D:3      | Reached XP level 5. HP: 35/35 MP: 5/5
  1761 | D:3      | Found an ornate altar of the Wu Jian Council.
  2162 | D:3      | Noticed Grinder
  2162 | D:3      | Paralysed by Grinder for 5 turns
  2174 | D:3      | Slain by Grinder

Illustrated notes

Levels and vault maps discovered:
D:1:      heliophobic_arrival_battle_scene, layout_basic
D:2:      layout_basic
D:3:      layout_loops_corners, mainiacjoe_overflow_surrounded_room,
          shapermc_ecumenical_altar_mp_vishouse, minmay_cupped, uniq_sigmund,
          uniq_grinder, uniq_terence

Skill      XL: |  1  2  3 |
---------------+----------+-----
Fighting       | 2 |  2.6
Dodging        | 3 |  3.1
Shapeshifting  | 4 |  4.4
Unarmed Combat | |  3.8

Action                     |  1- 3 |  4- 6 || total
---------------------------+-------+-------++-------
  Melee: Unarmed           |    73 |    24 ||    97
         Constrict         |    14 |     6 ||    20
         Tentacles         |     7 |     3 ||    10
         Punch             |     2 |     1 ||     3
    Use: Potion            |     1 |     1 ||     2
   Stab: Sleeping          |     7 |     3 ||    10
 Armour: Skin              |    32 |    17 ||    49
  Dodge: Dodged            |    37 |     9 ||    46

Table legend: (Time is in decaauts)
 A = Elapsed time spent in this place.
 B = Non-inter-level travel time spent in this place.
 C = Inter-level travel time spent in this place.
 D = Time resting spent in this place.
 E = Time spent auto-exploring this place.
 F = Levels seen in this place.
 G = Mean time per level.
                   A        B        C        D        E       F      G
               +--------+--------+--------+--------+--------+-----+--------+
         Total |   2167 |   2124 |     43 |      0 |   1809 |   3 |  722.3 |
       Dungeon |   2167 |   2124 |     43 |      0 |   1809 |   3 |  722.3 |
               +--------+--------+--------+--------+--------+-----+--------+

Top non-repeatable levels by time:
     D:1: 955 daAuts
     D:2: 715 daAuts
     D:3: 497 daAuts
